 Dungeon Crawl Stone Soup version 0.30-a0-457-g4b7bca3bfa (webtiles) character file.

Game seed: 264375796598143124

1365 Jackthecabe the Spear-Bearer (level 8, 0/55 (60) HPs)
             Began as a Formicid Delver on Dec 14, 2022.
             Was an Initiate of Qazlal.
             Slain by a wight
             ... wielding a +3 great sword
              (8 damage)
             ... on level 6 of the Dungeon.
             The game lasted 00:12:59 (7171 turns).

Jackthecabe the Spear-Bearer (Formicid Delver)      Turns: 7171, Time: 00:12:59

HP:   0/55 (60)     AC:  9    Str: 18    XL:     8   Next: 97%
MP:   10/10         EV:  7    Int: 11    God:    Qazlal [......]
Gold: 256           SH:  0    Dex: 15    Spells: 7/7 levels left

rFire   . . .      SeeInvis +    a - +0 spear
rCold   . . .      Faith    .    (no shield)
rNeg    . . .      Spirit   .    w - +0 chain mail
rPois   .          Reflect  .    (helmet unavailable)
rElec   .          Harm     .    (no cloak)
rCorr   .          Rampage  .    s - +0 pair of gloves
Will    .....                    (no boots)
Stlth   ..........               (no amulet)
HPRegen 0.29/turn                Z - ring of wizardry
MPRegen 0.12/turn                (no ring)

@: drained
A: permanent stasis, dig shafts and tunnels, antennae 3, four strong arms
a: Dig, Shaft Self, Renounce Religion


You were on level 6 of the Dungeon.
You worshipped Qazlal.
Qazlal was noncommittal.
You visited 2 branches of the dungeon, and saw 7 of its levels.

You collected 256 gold pieces.


Innate Abilities, Weirdness & Mutations

You cannot be hasted, slowed, berserked, paralysed or teleported.
You can dig through walls and to a lower floor.
You have a pair of large antennae on your head. (SInv)
Your four strong arms can wield two-handed weapons with a shield.


   Skills:
 - Level 4.0 Fighting
 - Level 8.0 Polearms
 - Level 4.0 Throwing
 - Level 1.7 Dodging
 - Level 6.0 Stealth
 + Level 3.2 Invocations
 - Level 4.0 Evocations


You had 7 spell levels left.
You didn't know any spells.
Your spell library contained the following spells:

 Spells                   Type           Power      Damage    Failure   Level
 Summon Small Mammal      Summ           0%         N/A       89%         1
 Cigotuvi's Dreadful Rot  Necr/Pois/Air  0%         N/A       96%         2
 Poisonous Vapours        Pois/Air       0%         N/A       96%         2
 Call Canine Familiar     Summ           0%         N/A       99%         3
 Ignite Poison            Fire/Tmut/Pois 0%         N/A       99%         3
 Kindle Blastsparks       Fire/Tloc/Air  0%         2d10      99%         3
 Stone Arrow              Conj/Erth      0%         3d7       99%         3
 Summon Guardian Golem    Hex/Summ       0%         N/A       99%         3
 Animate Armour           Summ/Erth      0%         N/A       100%        4
 Fulminant Prism          Conj/Hex       0%         3d5       100%        4
 Iskenderun's Mystic Bla  Conj/Tloc      0%         2d3       100%        4
 Sticky Flame             Conj/Fire      0%         2d3       100%        4
 Lee's Rapid Deconstruct  Erth           0%         3d4*      100%        5
 Lehudib's Crystal Spear  Conj/Erth      0%         10d2      100%        8

Inventory:

Hand Weapons
 a - a +0 spear (weapon)
Missiles
 q - 22 poisoned darts
 x - 3 throwing nets {=f}
Armour
 s - a +0 pair of gloves (worn)
 w - a +0 chain mail (worn)
 z - a scarf of resistance
Jewellery
 Z - a ring of wizardry (left hand)
Wands
 f - a wand of digging (3)
 u - a wand of iceblast (6)
Scrolls
 c - a scroll of fog
 d - a scroll of magic mapping
 e - a scroll of fear
 g - 4 scrolls of teleportation {unknown}
 h - 4 scrolls of amnesia {unknown}
 i - a scroll of enchant armour {unknown}
 j - 2 scrolls of enchant weapon {unknown}
 l - 8 scrolls of identify {unknown}
 m - 2 scrolls of noise {unknown}
 o - a scroll of brand weapon {unknown}
 r - a scroll of silence {unknown}
 t - a scroll of torment {unknown}
 y - a scroll of poison {unknown}
Potions
 b - a potion of lignification {unknown}
 k - 4 potions of curing {unknown}
 n - a potion of heal wounds {@q2}
 p - a potion of flight {unknown}
 v - 3 potions of might {unknown}
 A - a potion of attraction {unknown}

Dungeon Overview and Level Annotations

Branches:
Dungeon (6/15)             Temple (1/1) D:5

Altars:
Ashenzari
Cheibriados
Fedhas
Gozag
Kikubaaqudgha
Makhleb
Nemelex Xobeh
Okawaru
Qazlal
Ru
Sif Muna
Trog
Xom
Yredelemnul
The Shining One

Shops:
D:4 *

Annotations:
D:3 Grinder

.^. ....... ###### #
.......# ##....## ## #.#
......... ......... ...
#......<##....# .# #..
.#.............##.######
.......###..............
......z...........###...
......z@................
....?.......##..........
▒▒▒▒▒▒▒#.#####...#......
#.# #.#........ { #.#
#.##....... #..
#.##..##... { ...
#.###<..... ....
#.####..... #.
#..........


You could see 2 wights.


Message History

A wight is nearby!
A wight is nearby!
A wight comes into view. It is wielding a +3 great sword.
You reach to attack!
You hit the wight.
The wight is moderately damaged.
You closely miss the wight.
The wight is moderately damaged.
The wight hits you but does no damage.
You hit the wight.
The wight is heavily damaged.
You hit the wight.
The wight is heavily damaged.
The wight hits you with a +5 mace of freezing!
The wight freezes you.
You completely miss the wight.
The wight is heavily damaged.
The wight hits you with a +5 mace of freezing.
You feel drained. The wight freezes you.
You barely miss the wight.
The wight is heavily damaged.
The wight hits you with a +5 mace of freezing!
* * * LOW HITPOINT WARNING * * *
You feel drained. The wight freezes you.
* * * LOW HITPOINT WARNING * * *
You are too injured to fight recklessly!
The wight attacks as you move away!
The wight hits you with a +3 great sword!
* * * LOW HITPOINT WARNING * * *
You feel drained.
You die...

Skill      XL: |  1  2  3  4  5  6  7  8 |
---------------+-------------------------+-----
Polearms       | 3 4 5 6 8 |  8.0
Fighting       | 4 |  4.0
Evocations     | 1 4 |  4.0
Throwing       | 4 |  4.0
Invocations    | 3 |  3.2
Dodging        | |  1.7
Stealth        | |  6.0

Action                   |  1- 3 |  4- 6 |  7- 9 || total
-------------------------+-------+-------+-------++-------
Melee: Spear             |   107 |   183 |   380 ||   670
       Punch             |     1 |     1 |     9 ||    11
Throw: Dart              |       |       |    12 ||    12
 Abil: Dig               |       |     6 |    13 ||    19
Evoke: Wand              |       |       |     2 ||     2
  Use: Potion            |       |       |     2 ||     2
 Stab: Sleeping          |    11 |     5 |       ||    16
       Distracted        |     1 |       |       ||     1
Armor: Leather armour    |    16 |     6 |       ||    22
       Chain mail        |       |    33 |   113 ||   146
Dodge: Dodged            |    45 |    68 |    78 ||   191

Levels and vault maps discovered:
D:1:      minmay_arrival_cross, layout_rooms, minmay_box_of_dots
D:2:      layout_basic, basic_altar
D:3:      layout_basic, grunt_ministairs_6, uniq_grinder
D:4:      layout_loops_ring, nicolae_shop_fire_sale [nicolae_sub_dead_trees],
          uniq_natasha
D:5:      layout_rooms, mainiacjoe_overflow_paths, nicolae_ashenzari_skybound,
          minmay_temple_entry_statues_pillars, uniq_eustachio,
          uniq_blork_the_orc
D:6:      layout_basic, demons_altar, serial_shops, nicolae_shop_crystal,
          kennysheep_generic_room_4, uniq_menkaure
Temple:   eino_wide_crystal_templ

Notes
Turn   | Place    | Note
-------+----------+-------------------------------------------
     0 | D:5      | Jackthecabe the Formicid Delver began the quest for the
                  | Orb.
     0 | D:5      | Reached XP level 1. HP: 18/18 MP: 1/1
     7 | D:5      | Noticed a phantom
    91 | D:4      | Reached XP level 2. HP: 13/24 MP: 2/2
   192 | D:3      | Reached skill level 3 in Polearms
   234 | D:2      | Found a snail-covered altar of Cheibriados.
   327 | D:2      | Reached XP level 3. HP: 29/29 MP: 3/3
   912 | D:3      | Reached skill level 4 in Polearms
   912 | D:3      | Reached XP level 4. HP: 28/35 MP: 4/4
  1078 | D:5      | Noticed a centaur
  1244 | D:4      | Noticed a scorpion
  1456 | D:3      | Noticed Grinder
  1929 | D:4      | Noticed a bullfrog
  1978 | D:3      | Killed a bullfrog
  1979 | D:3      | Reached skill level 5 in Polearms
  1979 | D:3      | Reached XP level 5. HP: 17/41 MP: 5/5
  2087 | D:4      | Noticed Natasha
  2430 | D:4      | Reached XP level 6. HP: 15/47 MP: 6/6
  2568 | D:4      | Killed Natasha
  2569 | D:4      | Reached skill level 6 in Polearms
  2659 | D:4      | Found Xuownud's Fire Supplies.
  2901 | D:4      | Noticed Natasha
  2921 | D:4      | Killed Natasha
  2993 | D:5      | Noticed Blork the orc
  3070 | D:4      | Noticed Natasha
  3080 | D:4      | Killed Natasha
  3310 | D:2      | Reached XP level 7. HP: 52/52 MP: 7/7
  3469 | D:1      | Reached skill level 7 in Polearms
  3897 | D:2      | Got the Reference Book on the Wind and Incandescence
  4864 | D:4      | Reached skill level 8 in Polearms
  4864 | D:4      | Reached skill level 4 in Fighting
  5192 | D:4      | Reached skill level 1 in Evocations
  5192 | D:4      | Reached XP level 8. HP: 43/60 MP: 8/8
  5295 | D:4      | Reached skill level 2 in Evocations
  5544 | D:3      | Reached skill level 3 in Evocations
  5676 | D:5      | Killed Blork the orc
  5835 | D:5      | Noticed Eustachio
  5890 | D:5      | Killed Eustachio
  5891 | D:5      | Reached skill level 4 in Evocations
  5891 | D:5      | Reached skill level 2 in Throwing
  5999 | D:5      | Reached skill level 3 in Throwing
  6135 | D:5      | Found a staircase to the Ecumenical Temple.
  6151 | Temple   | Entered the Ecumenical Temple
  6174 | Temple   | Became a worshipper of Qazlal Stormbringer
  6475 | D:5      | Found a shimmering blue altar of Sif Muna.
  6578 | D:5      | Found a broken altar of Ashenzari.
  6728 | D:6      | Reached skill level 4 in Throwing
  6774 | D:6      | Reached skill level 1 in Invocations
  6832 | D:6      | Identified a scarf of resistance
  6836 | D:6      | Found a burning altar of Makhleb.
  6877 | D:6      | Reached skill level 2 in Invocations
  7068 | D:6      | Reached skill level 3 in Invocations
  7171 | D:6      | Slain by a wight

Vanquished Creatures
  Eustachio (D:5)
  A centaur (D:4)
  2 phantoms
  A kobold brigand (D:4)
  Blork the orc (D:5)
  A bullfrog (D:3)
  A gnoll sergeant (D:4)
  2 scorpions
  A jelly (D:6)
  3 hounds
  3 iron imps (D:6)
  4 iguanas
  An orc wizard (D:6)
  Natasha (thrice) (D:4)
  8 gnolls
  4 adders
  A white imp (D:5)
  A worm (D:2)
  6 dart slugs
  8 orcs
  6 endoplasms
  4 giant cockroaches
  2 goblins
  4 hobgoblins
  A jackal (D:1)
  4 quokkas
  4 ball pythons
  3 bats
  A frilled lizard (D:1)
  13 kobolds
  8 rats
103 creatures vanquished.

Table legend: (Time is in decaauts)
 A = Elapsed time spent in this place.
 B = Non-inter-level travel time spent in this place.
 C = Inter-level travel time spent in this place.
 D = Time resting spent in this place.
 E = Time spent auto-exploring this place.
 F = Levels seen in this place.
 G = Mean time per level.
                   A        B        C        D        E       F      G
               +--------+--------+--------+--------+--------+-----+--------+
         Total |   7041 |   6281 |    760 |   1420 |   3506 |   7 | 1005.9 |
       Dungeon |   7006 |   6258 |    748 |   1420 |   3501 |   6 | 1167.7 |
        Temple |     35 |     23 |     12 |      0 |      5 |   1 |   35.0 |
               +--------+--------+--------+--------+--------+-----+--------+

Top non-repeatable levels by time:
     D:4: 2292 daAuts
     D:3: 1912 daAuts
     D:5: 1043 daAuts
     D:2: 798 daAuts
     D:1: 527 daAuts
     D:6: 431 daAuts
  Temple: 35 daAuts

Table legend:
 A = Non-vault XP
 B = Vault XP
 C = Vault XP percentage of total XP
 D = Non-vault monster count
 E = Vault monster count
 F = Vault count percentage of total count
                 A         B        C        D         E       F
            +---------+---------+-------+---------+---------+-------
      Total |    1486 |     464 |  23.8 |      91 |      12 |  11.7
            +---------+---------+-------+---------+---------+-------
        D:1 |      23 |       7 |  23.3 |      14 |       4 |  22.2
        D:2 |      41 |       0 |   0.0 |      14 |       0 |   0.0
        D:3 |     239 |       3 |   1.2 |      15 |       2 |  11.8
        D:4 |     823 |      35 |   4.1 |      35 |       1 |   2.8
        D:5 |     235 |     298 |  55.9 |       7 |       2 |  22.2
        D:6 |     125 |     121 |  49.2 |       6 |       3 |  33.3
            +---------+---------+-------+---------+---------+-------
